| TOP OF THE 1ST |
|
Great Falls Voyagers batting - Pitching for Pulaski Yankees : LHP Sergio Huerta
|
|
Pitching: LHP Sergio Huerta
|
|
|
Batting: RHB Andy Cotton
|
0-0: Foul Ball, location: 2F 0-1: Ball 1-1: Swinging Strike 1-2: SOLO HOME RUN (Flyball, 78XD, EV 107.5 MPH), Distance : 433 ft
|
|
Batting: RHB Russ Cornett
|
0-0: Ball 1-0: Called Strike 1-1: Called Strike 1-2: Strikes out swinging, 2-3 out at first.
|
|
Batting: SHB Rob Haney
|
0-0: Ball 1-0: Ball 2-0: Swinging Strike 2-1: Ground out 5-3 (Groundball, 25, EV 88.8 MPH)
|
|
Batting: RHB Billy Grubbs
|
0-0: Foul Ball, location: 2F 0-1: Ball 1-1: Ball 2-1: Called Strike 2-2: Ground out 6-3 (Groundball, 56, EV 85.0 MPH)
|
| Top of the 1st over - 1 run, 1 hit, 0 errors, 0 left on base; Great Falls 1 - Pulaski 0 |
| BOTTOM OF THE 1ST |
|
Pulaski Yankees batting - Pitching for Great Falls Voyagers : RHP Ryan Burson
|
|
Pitching: RHP Ryan Burson
|
|
|
Batting: RHB Ken Stair
|
0-0: Ball 1-0: Called Strike 1-1: Ball 2-1: Ball 3-1: Called Strike 3-2: Strikes out swinging
|
|
Batting: LHB Justin Short
|
0-0: Called Strike 0-1: Ball 1-1: Foul Ball, location: 2F 1-2: Ball 2-2: Strikes out looking
|
|
Batting: RHB Michael Patterson
|
0-0: Ball 1-0: Ball 2-0: Ball 3-0: Called Strike 3-1: Base on Balls
|
|
Batting: RHB Yasuoka Tsuda
|
0-0: Called Strike 0-1: Ball 1-1: Called Strike 1-2: Foul Ball, location: 2F 1-2: Foul Ball, location: 2F 1-2: Foul Ball, location: 2F 1-2: Ball 2-2: Ball Michael Patterson steals 2nd base 3-2: Strikes out swinging
|
| Bottom of the 1st over - 0 runs, 0 hits, 0 errors, 1 left on base; Great Falls 1 - Pulaski 0 |
| TOP OF THE 2ND |
|
Great Falls Voyagers batting - Pitching for Pulaski Yankees : LHP Sergio Huerta
|
|
Batting: RHB Mitch Cuadros
|
0-0: Ball 1-0: Swinging Strike 1-1: Called Strike 1-2: Strikes out looking
|
|
Batting: RHB Francisco Marin
|
0-0: Ball 1-0: Foul Ball, location: 2F 1-1: Ball 2-1: Ball 3-1: Base on Balls
|
|
Batting: RHB Enrique Gomez
|
0-0: Ball 1-0: Ball 2-0: Ball 3-0: Base on Balls Francisco Marin to second
|
|
Batting: LHB Jose Pereyra
|
0-0: Ball 1-0: Ball 2-0: Foul Ball, location: 2F 2-1: Fly out, F6 (Line Drive, 6MD, EV 73.1 MPH)
|
|
Batting: RHB David Cortez
|
0-0: Ball 1-0: Ball 2-0: Foul Ball, location: 2F 2-1: Foul Ball, location: 2F 2-2: Ball 3-2: Strikes out looking
|
| Top of the 2nd over - 0 runs, 0 hits, 0 errors, 2 left on base; Great Falls 1 - Pulaski 0 |
| BOTTOM OF THE 2ND |
|
Pulaski Yankees batting - Pitching for Great Falls Voyagers : RHP Ryan Burson
|
|
Batting: RHB Paul Ngumi
|
0-0: Swinging Strike 0-1: Ball 1-1: Called Strike 1-2: Strikes out looking
|
|
Batting: SHB Dylan Best
|
0-0: Called Strike 0-1: Swinging Strike 0-2: Foul Ball, location: 2F 0-2: Ball 1-2: Foul Ball, location: 2F 1-2: SINGLE (Groundball, 4M, EV 102.5 MPH) (infield hit)
|
|
Batting: LHB Troy Jones
|
0-0: Fielders Choice at 2nd, U6 (Groundball, 4MS, EV 90.0 MPH)
|
|
Batting: RHB Edwin Sierra
|
0-0: Ball 1-0: Called Strike Troy Jones steals 2nd base 1-1: Called Strike 1-2: Foul Ball, location: 2F 1-2: Strikes out swinging
|
| Bottom of the 2nd over - 0 runs, 1 hit, 0 errors, 1 left on base; Great Falls 1 - Pulaski 0 |
| TOP OF THE 3RD |
|
Great Falls Voyagers batting - Pitching for Pulaski Yankees : LHP Sergio Huerta
|
|
Batting: RHB Andy Cotton
|
0-0: Called Strike 0-1: Foul Ball, location: 2F 0-2: Ball 1-2: Ball 2-2: Foul Ball, location: 2F 2-2: Foul Ball, location: 2F 2-2: Ball 3-2: Base on Balls
|
|
Batting: RHB Russ Cornett
|
0-0: Foul Ball, location: 2F 0-1: Called Strike 0-2: SINGLE (Groundball, 6MD, EV 111.9 MPH) Andy Cotton to second
|
|
Batting: SHB Rob Haney
|
0-0: Ball 1-0: Ball 2-0: Ball 3-0: Base on Balls Andy Cotton to third Russ Cornett to second
|
|
Batting: RHB Billy Grubbs
|
0-0: Ball 1-0: Ball 2-0: Ball 3-0: Base on Balls Andy Cotton scores Russ Cornett to third Rob Haney to second
|
|
Batting: RHB Mitch Cuadros
|
0-0: Ball 1-0: Ball 2-0: Foul Ball, location: 2F 2-1: Foul Ball, location: 2F 2-2: Ball 3-2: Foul Ball, location: 2F 3-2: Base on Balls Russ Cornett scores Rob Haney to third Billy Grubbs to second
|
|
Batting: RHB Francisco Marin
|
0-0: Swinging Strike 0-1: Ball 1-1: Called Strike 1-2: Strikes out swinging
|
|
Batting: RHB Enrique Gomez
|
0-0: Ball 1-0: Ball 2-0: SINGLE (Groundball, 4M, EV 103.8 MPH) (infield hit) Rob Haney scores Billy Grubbs to third Mitch Cuadros to second
|
|
Batting: LHB Jose Pereyra
|
0-0: Called Strike 0-1: Ball 1-1: Foul Ball, location: 2F 1-2: Ground out 6-3 (Groundball, 6MS, EV 89.4 MPH) Billy Grubbs scores Mitch Cuadros to third Enrique Gomez to second
|
|
Pitching: RHP Manny de la Cruz
|
|
|
Batting: RHB David Cortez
|
0-0: Ball 1-0: Foul Ball, location: 2F 1-1: Called Strike 1-2: Ball 2-2: Ball 3-2: Foul Ball, location: 2F 3-2: Base on Balls
|
|
Batting: RHB Andy Cotton
|
0-0: Swinging Strike 0-1: Foul Ball, location: 2F 0-2: Foul Ball, location: 2F 0-2: Fly out, F9 (Flyball, 9, EV 88.1 MPH)
|
| Top of the 3rd over - 4 runs, 2 hits, 0 errors, 3 left on base; Great Falls 5 - Pulaski 0 |
| BOTTOM OF THE 3RD |
|
Pulaski Yankees batting - Pitching for Great Falls Voyagers : RHP Ryan Burson
|
|
Batting: RHB Mustafa bin Gamali
|
0-0: Called Strike 0-1: Foul Ball, location: 2F 0-2: Foul Ball, location: 2F 0-2: Ground out 5-3 (Groundball, 56S, EV 66.2 MPH)
|
|
Batting: RHB Ken Stair
|
0-0: Ball 1-0: Ball 2-0: Called Strike 2-1: Ball 3-1: Called Strike 3-2: Strikes out looking
|
|
Batting: LHB Justin Short
|
0-0: Ball 1-0: Ball 2-0: Ball 3-0: Base on Balls
|
|
Batting: RHB Michael Patterson
|
0-0: Called Strike 0-1: Foul Ball, location: 2F 0-2: Strikes out swinging
|
| Bottom of the 3rd over - 0 runs, 0 hits, 0 errors, 1 left on base; Great Falls 5 - Pulaski 0 |
| TOP OF THE 4TH |
|
Great Falls Voyagers batting - Pitching for Pulaski Yankees : RHP Manny de la Cruz
|
|
Batting: RHB Russ Cornett
|
0-0: SINGLE (Flyball, 89S, EV 90.6 MPH)
|
|
Batting: SHB Rob Haney
|
0-0: Ball 1-0: Foul Ball, location: 2F 1-1: Called Strike 1-2: Strikes out looking
|
|
Batting: RHB Billy Grubbs
|
0-0: Ball 1-0: Called Strike Russ Cornett steals 2nd base 1-1: Foul Ball, location: 2F 1-2: Ball 2-2: Ball Wild Pitch! Russ Cornett to third 3-2: SINGLE (Line Drive, 7S, EV 87.5 MPH) Russ Cornett scores
|
|
Batting: RHB Mitch Cuadros
|
0-0: Ball Billy Grubbs is caught stealing 2nd base 2-4 1-0: Ball 2-0: Foul Ball, location: 2F 2-1: Ball 3-1: Fly out, F8 (Line Drive, 8RD, EV 93.8 MPH)
|
| Top of the 4th over - 1 run, 2 hits, 0 errors, 0 left on base; Great Falls 6 - Pulaski 0 |
| BOTTOM OF THE 4TH |
|
Pulaski Yankees batting - Pitching for Great Falls Voyagers : RHP Ryan Burson
|
|
Batting: RHB Yasuoka Tsuda
|
0-0: Ball 1-0: Swinging Strike 1-1: Ball 2-1: Ball 3-1: Ground out 6-3 (Groundball, 6, EV 89.4 MPH)
|
|
Batting: RHB Paul Ngumi
|
0-0: Called Strike 0-1: Ground out 5-3 (Groundball, 56, EV 90.0 MPH)
|
|
Batting: SHB Dylan Best
|
0-0: Ball 1-0: Swinging Strike 1-1: Called Strike 1-2: Ball 2-2: Strikes out swinging
|
| Bottom of the 4th over - 0 runs, 0 hits, 0 errors, 0 left on base; Great Falls 6 - Pulaski 0 |
| TOP OF THE 5TH |
|
Great Falls Voyagers batting - Pitching for Pulaski Yankees : RHP Manny de la Cruz
|
|
Batting: RHB Francisco Marin
|
0-0: Ground out 6-3 (Groundball, 6, EV 101.2 MPH)
|
|
Batting: RHB Enrique Gomez
|
0-0: Called Strike 0-1: Swinging Strike 0-2: Strikes out swinging passed ball, reaches first!
|
|
Batting: LHB Jose Pereyra
|
0-0: Ball 1-0: Ball Enrique Gomez steals 2nd base (no throw) 2-0: Ball 3-0: Called Strike 3-1: Called Strike 3-2: Foul Ball, location: 2F 3-2: Foul Ball, location: 2F 3-2: Foul Ball, location: 2F 3-2: Strikes out swinging
|
|
Batting: RHB David Cortez
|
0-0: Fly out, F8 (Flyball, 89M, EV 88.1 MPH)
|
| Top of the 5th over - 0 runs, 0 hits, 0 errors, 1 left on base; Great Falls 6 - Pulaski 0 |
| BOTTOM OF THE 5TH |
|
Pulaski Yankees batting - Pitching for Great Falls Voyagers : RHP Ryan Burson
|
|
Batting: LHB Troy Jones
|
0-0: Fly out, F9 (Flyball, 89S, EV 84.4 MPH)
|
|
Batting: RHB Edwin Sierra
|
0-0: Swinging Strike 0-1: Swinging Strike 0-2: Ball 1-2: Reaches on Catchers interference
|
|
Batting: RHB Mustafa bin Gamali
|
0-0: Ball 1-0: Called Strike Edwin Sierra steals 2nd base 1-1: Foul Ball, location: 2F 1-2: Ball 2-2: Strikes out looking
|
|
Batting: RHB Ken Stair
|
0-0: Ball 1-0: Ball 2-0: Called Strike 2-1: Ball 3-1: Foul Ball, location: 2F 3-2: Foul Ball, location: 2F 3-2: Foul Ball, location: 2F 3-2: Base on Balls
|
|
Batting: LHB Justin Short
|
0-0: Ball 1-0: Called Strike 1-1: Ground out 4-3 (Groundball, 34, EV 87.5 MPH)
|
| Bottom of the 5th over - 0 runs, 0 hits, 1 error, 2 left on base; Great Falls 6 - Pulaski 0 |
| TOP OF THE 6TH |
|
Great Falls Voyagers batting - Pitching for Pulaski Yankees : RHP Manny de la Cruz
|
|
Batting: RHB Andy Cotton
|
0-0: Ball 1-0: Ground out 5-3 (Groundball, 5, EV 103.1 MPH)
|
|
Batting: RHB Russ Cornett
|
0-0: Called Strike 0-1: Ball 1-1: Ball 2-1: Fly out, F8 (Flyball, 8RM, EV 82.5 MPH)
|
|
Batting: SHB Rob Haney
|
0-0: Ball 1-0: Ground out 4-3 (Groundball, 4, EV 91.2 MPH)
|
| Top of the 6th over - 0 runs, 0 hits, 0 errors, 0 left on base; Great Falls 6 - Pulaski 0 |
| BOTTOM OF THE 6TH |
|
Pulaski Yankees batting - Pitching for Great Falls Voyagers : RHP Ryan Burson
|
|
Pitching: RHP Xavier Mosley
|
|
|
Batting: RHB Michael Patterson
|
0-0: Called Strike 0-1: Ball 1-1: Called Strike 1-2: Ball 2-2: Ball 3-2: Foul Ball, location: 2F 3-2: Foul Ball, location: 2F 3-2: Foul Ball, location: 2F 3-2: Foul Ball, location: 2F 3-2: Base on Balls
|
|
Batting: RHB Yasuoka Tsuda
|
0-0: SINGLE (Flyball, 4MD, EV 85.6 MPH) Michael Patterson to second
|
|
Batting: RHB Paul Ngumi
|
0-0: Ball 1-0: Foul Ball, location: 2F 1-1: Ball 2-1: Ball 3-1: Base on Balls Michael Patterson to third Yasuoka Tsuda to second
|
|
Batting: SHB Dylan Best
|
0-0: Called Strike 0-1: Ball 1-1: Ball 2-1: Foul Ball, location: 2F 2-2: Grounds into double play, 6-4-3 (Groundball, 6MD, EV 110.0 MPH) Michael Patterson scores Yasuoka Tsuda to third
|
|
Batting: LHB Troy Jones
|
0-0: DOUBLE (Line Drive, 7LD, EV 113.1 MPH) Yasuoka Tsuda scores
|
|
Batting: RHB Edwin Sierra
|
0-0: Called Strike 0-1: Ball 1-1: Ground out 5-3 (Groundball, 5L, EV 109.4 MPH)
|
| Bottom of the 6th over - 2 runs, 2 hits, 0 errors, 1 left on base; Great Falls 6 - Pulaski 2 |
| TOP OF THE 7TH |
|
Great Falls Voyagers batting - Pitching for Pulaski Yankees : RHP Manny de la Cruz
|
|
Pitching: LHP Matt Cusatis
|
|
|
Batting: RHB Billy Grubbs
|
0-0: Ball 1-0: Called Strike 1-1: SINGLE (Groundball, 56S, EV 60.6 MPH) (infield hit)
|
|
Batting: RHB Mitch Cuadros
|
0-0: Called Strike 0-1: Ball Billy Grubbs is caught stealing 2nd base 2-4 1-1: Ball 2-1: Ground out 6-3 (Groundball, 6, EV 86.9 MPH)
|
|
Batting: RHB Francisco Marin
|
0-0: Ball 1-0: Ball 2-0: Ball 3-0: Called Strike 3-1: Base on Balls
|
|
Batting: RHB Enrique Gomez
|
0-0: Ball 1-0: Called Strike 1-1: Foul Ball, location: 2F 1-2: Ball 2-2: Ball 3-2: Strikes out looking
|
| Top of the 7th over - 0 runs, 1 hit, 0 errors, 1 left on base; Great Falls 6 - Pulaski 2 |
| BOTTOM OF THE 7TH |
|
Pulaski Yankees batting - Pitching for Great Falls Voyagers : RHP Xavier Mosley
|
|
Batting: RHB Mustafa bin Gamali
|
0-0: Foul Ball, location: 2F 0-1: Foul Ball, location: 2F 0-2: SOLO HOME RUN (Flyball, 7D, EV 93.1 MPH), Distance : 365 ft
|
|
Pitching: RHP Jose Vigil
|
|
|
Batting: RHB Ken Stair
|
0-0: Foul Ball, location: 2F 0-1: Foul Ball, location: 2F 0-2: Ball 1-2: Strikes out swinging
|
|
Batting: LHB Justin Short
|
0-0: Ball 1-0: Ball 2-0: Ball 3-0: Called Strike 3-1: Foul Ball, location: 2F 3-2: Foul Ball, location: 2F 3-2: Foul Ball, location: 2F 3-2: Strikes out swinging
|
|
Batting: RHB Michael Patterson
|
0-0: Called Strike 0-1: Foul Ball, location: 2F 0-2: Ball 1-2: Strikes out swinging
|
| Bottom of the 7th over - 1 run, 1 hit, 0 errors, 0 left on base; Great Falls 6 - Pulaski 3 |
| TOP OF THE 8TH |
|
Great Falls Voyagers batting - Pitching for Pulaski Yankees : LHP Matt Cusatis
|
|
Batting: LHB Jose Pereyra
|
0-0: Foul Ball, location: 2F 0-1: Ball 1-1: Ball 2-1: Foul Ball, location: 2F 2-2: Ball 3-2: Fly out, F9 (Line Drive, 9, EV 85.0 MPH)
|
|
Batting: RHB David Cortez
|
0-0: Ball 1-0: Foul Ball, location: 2F 1-1: Ground out 6-3 (Groundball, 6, EV 81.9 MPH)
|
|
Batting: RHB Andy Cotton
|
0-0: Ball 1-0: Called Strike 1-1: Foul Ball, location: 2F 1-2: Ball 2-2: Ball 3-2: Foul Ball, location: 2F 3-2: Base on Balls
|
|
Batting: RHB Russ Cornett
|
0-0: Called Strike 0-1: Ball Andy Cotton steals 2nd base (no throw) 1-1: Ball 2-1: Ball 3-1: SINGLE (Groundball, 6D, EV 96.2 MPH) Andy Cotton to third Runner from 3rd tries for Home, SAFE, throw by CF to home
|
|
Batting: SHB Rob Haney
|
0-0: Ball 1-0: Fielders Choice at 2nd, 6-4 (Groundball, 6, EV 83.8 MPH)
|
| Top of the 8th over - 1 run, 1 hit, 0 errors, 1 left on base; Great Falls 7 - Pulaski 3 |
| BOTTOM OF THE 8TH |
|
Pulaski Yankees batting - Pitching for Great Falls Voyagers : RHP Jose Vigil
|
|
Batting: RHB Yasuoka Tsuda
|
0-0: Ball 1-0: Ball 2-0: Swinging Strike 2-1: Foul Ball, location: 2F 2-2: Foul Ball, location: 2F 2-2: Foul Ball, location: 2F 2-2: Foul Ball, location: 2F 2-2: SINGLE (Groundball, 34D, EV 94.4 MPH)
|
|
Pinch Hitting: LHB Carlos Palau
|
0-0: SINGLE (Line Drive, 5L, EV 98.1 MPH) Yasuoka Tsuda to second
|
|
Batting: SHB Dylan Best
|
0-0: Ball 1-0: Foul Ball, location: 2F 1-1: Ball 2-1: Ball 3-1: Base on Balls Yasuoka Tsuda to third Carlos Palau to second
|
|
Pitching: LHP Phil Peterson
|
|
|
Pinch Hitting: LHB Chris Viehman
|
0-0: Called Strike 0-1: Ball 1-1: Swinging Strike 1-2: Fly out, F8 (Line Drive, 8RD, EV 90.0 MPH) Runner from 3rd tags up, SCORES, throw by CF Carlos Palau to third
|
|
Pinch Hitting: RHB Arturo Gomez
|
0-0: Ball 1-0: SINGLE (Flyball, 78S, EV 102.5 MPH) Carlos Palau scores Dylan Best to second
|
|
Batting: RHB Mustafa bin Gamali
|
0-0: Ground out 5-3 (Groundball, 56S, EV 67.5 MPH) Dylan Best to third Arturo Gomez to second
|
|
Batting: RHB Ken Stair
|
0-0: Called Strike 0-1: Foul Ball, location: 2F 0-2: Ground out 6-3 (Groundball, 6, EV 85.6 MPH)
|
| Bottom of the 8th over - 2 runs, 3 hits, 0 errors, 2 left on base; Great Falls 7 - Pulaski 5 |
| TOP OF THE 9TH |
|
Great Falls Voyagers batting - Pitching for Pulaski Yankees : LHP Matt Cusatis
|
|
Now at 2B: Chris Viehman
|
|
|
Now at 3B: Victor Garcia
|
|
|
Now in CF: Carlos Palau
|
|
|
Batting: RHB Billy Grubbs
|
0-0: Ball 1-0: Called Strike 1-1: Swinging Strike 1-2: Ball 2-2: Ball 3-2: Ground out 4-3 (Groundball, 4, EV 104.4 MPH)
|
|
Batting: RHB Mitch Cuadros
|
0-0: Ball 1-0: Ball 2-0: SOLO HOME RUN (Flyball, 7LD, EV 98.8 MPH), Distance : 344 ft
|
|
Batting: RHB Francisco Marin
|
0-0: Ball 1-0: Swinging Strike 1-1: Ball 2-1: Foul Ball, location: 2F 2-2: Fly out, F8 (Flyball, 8RD, EV 88.8 MPH)
|
|
Batting: RHB Enrique Gomez
|
0-0: Ground out 4-3 (Groundball, 4, EV 101.9 MPH)
|
| Top of the 9th over - 1 run, 1 hit, 0 errors, 0 left on base; Great Falls 8 - Pulaski 5 |
| BOTTOM OF THE 9TH |
|
Pulaski Yankees batting - Pitching for Great Falls Voyagers : LHP Phil Peterson
|
|
Pitching: RHP Toyotoshi Matsui
|
|
|
Batting: LHB Justin Short
|
0-0: Called Strike 0-1: Foul Ball, location: 2F 0-2: Ground out 5-3 (Groundball, 56, EV 110.6 MPH)
|
|
Batting: RHB Michael Patterson
|
0-0: Called Strike 0-1: Ball 1-1: Swinging Strike 1-2: DOUBLE (Line Drive, 89D, EV 106.9 MPH)
|
|
Batting: RHB Yasuoka Tsuda
|
0-0: Ball 1-0: Ball 2-0: Ball 3-0: Called Strike 3-1: Base on Balls
|
|
Batting: LHB Carlos Palau
|
0-0: Ball 1-0: Foul Ball, location: 2F 1-1: Swinging Strike 1-2: Strikes out looking
|
|
Batting: SHB Dylan Best
|
0-0: Ball 1-0: Ball 2-0: Ball 3-0: Base on Balls Michael Patterson to third Yasuoka Tsuda to second
|
|
Batting: LHB Chris Viehman
|
0-0: Ball 1-0: Foul Ball, location: 2F 1-1: Foul Ball, location: 2F 1-2: Foul Ball, location: 2F 1-2: SINGLE (Groundball, 5D, EV 101.2 MPH) Michael Patterson scores Yasuoka Tsuda to third Dylan Best to second
|
|
Batting: RHB Victor Garcia
|
0-0: Called Strike 0-1: Swinging Strike 0-2: Strikes out swinging
|
| Bottom of the 9th over - 1 run, 2 hits, 0 errors, 3 left on base; Great Falls 8 - Pulaski 6 |
|